 Dungeon Crawl Stone Soup version 0.21-a0-513-gdcb3f5e (webtiles) character file.

296 theanonym the Skirmisher (level 6, -5/67 HPs)
             Began as an Ogre Berserker on Dec 2, 2017.
             Was a Believer of Trog.
             Slain by an iguana (12 damage)
             ... on level 4 of the Dungeon.
             The game lasted 00:04:15 (3902 turns).

theanonym the Skirmisher (Ogre Berserker)           Turns: 3902, Time: 00:04:15

Health: -5/67      AC:  3    Str: 22    XL:     6   Next: 34%
Magic:  6/6        EV: 10    Int:  8    God:    Trog [**....]
Gold:   94         SH:  0    Dex: 10    Spells: 5/5 levels left

rFire    . . .     SeeInvis .   r - +0 flail
rCold    . . .     Gourm    .   (no shield)
rNeg     . . .     Faith    .   b - +0 animal skin
rPois    .         Spirit   .   (helmet restricted)
rElec    .         Reflect  .   (no cloak)
rCorr    .         Harm     .   (gloves unavailable)
MR       .....     Rnd*Tele +   (boots unavailable)
Stlth    +.........             (no amulet)
HPRegen  0.21/turn              t - ring of teleportation (curse) {+/*tele}
MPRegen  0.10/turn              (no ring)

@: berserk cooldown, slowed, very slow
A: large, unfitting armour, tough skin 1
a: Berserk, Trog's Hand, Burn Spellbooks, Renounce Religion


Innate Abilities, Weirdness & Mutations

You are too large for most types of armour.
You have tough skin. (AC +1)


   Skills:
 + Level 6.1 Fighting
 * Level 5.4 Maces & Flails
 - Level 2.6 Dodging


You had 5 spell levels left.
You didn't know any spells.

Skill      XL: |  1  2  3  4  5  6 |
---------------+-------------------+-----
Maces & Flails | 3 4 5 |  5.4
Fighting       | 5 6 |  6.1
Dodging        | |  2.6

Action                   |  1- 3 |  4- 6 || total
-------------------------+-------+-------++-------
Melee: Mace              |   140 |    66 ||   206
       Flail             |       |    37 ||    37
Invok: Berserk           |     2 |     4 ||     6
       Trog's Hand       |       |     3 ||     3
Evoke: Wand              |       |     3 ||     3
 Stab: Sleeping          |       |     1 ||     1
  Eat: Chunk             |     5 |    10 ||    15
Armor: Animal skin       |    64 |    22 ||    86
Dodge: Dodged            |   119 |    65 ||   184

Inventory:

Hand Weapons
 a - a +0 mace
 r - a +0 flail (weapon)
   (You took it off an orc on level 3 of the Dungeon)
Missiles
 d - a throwing net (quivered)
 e - 5 large rocks
Armour
 b - a +0 animal skin (worn)
Jewellery
 t - a cursed ring of teleportation (left hand) {+/*tele}
   (You took it off a centaur on level 4 of the Dungeon)
Wands
 q - a wand of flame (29)
   (You found it on level 2 of the Dungeon)
Scrolls
 f - 2 scrolls of teleportation {unknown}
 g - 4 scrolls of immolation {unknown}
 i - a scroll of magic mapping {unknown}
 j - a scroll of blinking {unknown}
 m - a scroll of enchant armour {unknown}
 n - 6 scrolls of identify {unknown}
 s - a scroll of fear {unknown}
 u - a scroll of noise {unknown}
Potions
 l - a potion of brilliance {unknown}
 p - a potion of might {unknown}
Comestibles
 c - 3 bread rations
 h - 2 fruits
 k - 4 meat rations
 o - a royal jelly

Dungeon Overview and Level Annotations

Branches:
Dungeon (4/15)
 Temple: D:4-7

Altars:
Ashenzari
Makhleb
The Shining One

Annotations:
D:4 1 runed door


You were on level 4 of the Dungeon.
You worshipped Trog.
Trog was pleased with you.
You were very hungry.

You visited 1 branch of the dungeon, and saw 4 of its levels.

You collected 94 gold pieces.


Message History

You take 1 damage, and have 58/67 hp.
You hit the worker ant.
You feel sick. The worker ant closely misses you. The worker ant bites you.
You take 5 damage, and have 53/67 hp.
You thump the worker ant!
You kill the worker ant!
Trog accepts your kill.
You feel sick.
You take 1 damage, and have 52/67 hp.
No target in view!
No target in view!
No target in view!
You start resting.
You feel sick. x12
You are no longer poisoned.
You take 6 damage, and have 46/67 hp.
You start resting.
Health restored: 67 Search for what [Enter for "mace", or ? for help]? mace || robe && ego || shield Unknown command.
Put on which piece of jewellery? (? for menu, Esc to quit)
You feel slightly jumpy.
Oops, that ring feels deathly cold.
t - a cursed ring of teleportation (left hand)
k - 4 meat rations (gained 1)
An iguana comes into view.
A jackal comes into view.
The jackal barks!
The iguana hisses angrily.
You hear a bark!
The jackal pauses to sniff the ground.
A jackal comes into view.
A jackal comes into view.
The jackal barks!
The jackal closely misses you.
You closely miss the jackal. The jackal misses you. The jackal bites you.
You take 1 damage, and have 66/67 hp.
You sock the jackal!
You kill the jackal!
Trog accepts your kill.
You sock the jackal!
You kill the jackal!
Trog accepts your kill.
You are suddenly yanked towards a nearby monster!
Your surroundings suddenly seem different.
An orc comes into view. It is wielding a club.
The orc shouts!
Health restored: 67 The orc barely misses you.
You barely miss the orc. The orc hits you with a club.
You take 4 damage, and have 63/67 hp.
You hit the orc. The orc hits you with a club. The jackal barely misses you.
You take 5 damage, and have 58/67 hp.
You hit the orc.
You kill the orc!
Trog accepts your kill.
The jackal bites you but does no damage.
The jackal bites you.
You take 1 damage, and have 57/67 hp.
A red film seems to cover your vision as you go berserk!
You feel yourself moving faster!
You feel mighty!
You are feeling very hungry.
The jackal closely misses you.
You now have 85/100 hp.
You barely miss the jackal. The jackal bites you.
You take 2 damage, and have 83/100 hp.
You barely miss the jackal.
The jackal bites you but does no damage.
You sock the jackal!
You kill the jackal!
Trog accepts your kill.
No target in view!
No target in view!
No target in view!
No target in view!
You feel a strong urge to attack something.
You are no longer berserk.
You are exhausted.
You feel yourself slow down.
You now have 56/67 hp.
You closely miss the iguana. The iguana bites you!
The iguana barely misses you.
You take 12 damage, and have 44/67 hp.
You closely miss the iguana. The iguana closely misses you. x2
You hit the iguana. The iguana bites you. The iguana bites you!
* * * LOW HITPOINT WARNING * * *
You take 18 damage, and have 27/67 hp.
MASSIVE DAMAGE!!
You are too injured to fight recklessly!
You are too injured to fight recklessly!
You are too injured to fight recklessly!
You are too injured to fight recklessly!
Aim: an iguana (moderately wounded)
The puff of flame hits the iguana.
The iguana bites you.
* * * LOW HITPOINT WARNING * * *
You take 5 damage, and have 22/67 hp.
Aim: an iguana (moderately wounded)
The puff of flame hits the iguana.
The iguana bites you!
* * * LOW HITPOINT WARNING * * *
The iguana bites you.
* * * LOW HITPOINT WARNING * * *
You take 15 damage, and have 7/67 hp.
MASSIVE DAMAGE!!
Aim: an iguana (almost dead)
The puff of flame hits the iguana.
The iguana bites you!
You die...

... ### #♣♣ ♣♣....(.
...###.# ♣♣##### .....#
#### ## ....# #... .. #..##
###########... ##.##..###
#.............
.#...)....####.###(.#####.
#..........#......#.## #.
..#.......@l......#.#######
...........#...............
..#........#........#######
# #........#######..# #
#........# ##.### #
########## ####....######
##....##......#
#..##########.. #### ###


You could see an iguana.

Notes
Turn   | Place    | Note
-------+----------+-------------------------------------------
     0 | D:1      | theanonym the Ogre Berserker began the quest for the Orb.
     0 | D:1      | Reached XP level 1. HP: 24/24 MP: 1/1
    31 | D:1      | HP: 10/24 [hobgoblin/club (4)]
   225 | D:1      | HP: 8/24 [kobold/short sword (6)]
   230 | D:1      | Reached skill level 3 in Maces & Flails
   517 | D:1      | Reached XP level 2. HP: 30/32 MP: 2/2
  1004 | D:1      | Reached XP level 3. HP: 38/40 MP: 3/3
  1014 | D:1      | Reached ** piety under Trog
  1039 | D:1      | HP: 19/40 [leopard gecko (2)]
  1824 | D:2      | Reached XP level 4. HP: 42/49 MP: 4/4
  1985 | D:2      | HP: 24/49 [adder (2)]
  1990 | D:2      | Reached skill level 4 in Maces & Flails
  1990 | D:2      | HP: 12/49 [poisoned by an adder]
  1995 | D:2      | HP: 12/49 [poisoned by an adder]
  2000 | D:2      | HP: 10/49 [poisoned by an adder]
  2005 | D:2      | HP: 8/49 [poisoned by an adder]
  2012 | D:2      | HP: 6/49 [poisoned by an adder]
  2019 | D:2      | HP: 5/49 [poisoned by an adder]
  2027 | D:2      | HP: 4/49 [poisoned by an adder]
  2571 | D:2      | Found a shattered altar of Ashenzari.
  2572 | D:2      | Reached skill level 5 in Fighting
  2580 | D:2      | Noticed Terence
  2592 | D:2      | Killed Terence
  2845 | D:2      | Found a glowing golden altar of the Shining One.
  3027 | D:3      | Reached XP level 5. HP: 51/57 MP: 5/5
  3241 | D:3      | Found a burning altar of Makhleb.
  3241 | D:3      | Noticed an Executioner
  3258 | D:3      | Noticed a hellwing
  3258 | D:3      | Noticed a ynoxinul
  3522 | D:4      | Noticed a centaur
  3529 | D:4      | Killed a centaur
  3529 | D:4      | Reached skill level 5 in Maces & Flails
  3529 | D:4      | Reached XP level 6. HP: 67/67 MP: 6/6
  3545 | D:4      | Reached skill level 6 in Fighting
  3631 | D:4      | Found a runed door.
  3899 | D:4      | HP: 27/67 [iguana (13)]
  3901 | D:4      | HP: 11/67 [iguana (12)]
  3902 | D:4      | Slain by an iguana

Vanquished Creatures
  A centaur (D:4)
  A hound (D:4)
  An orc wizard (D:3)
  Terence (D:2)
  A worker ant (D:4)
  3 adders
  An ooze (D:1)
  2 leopard geckos (D:1)
  5 orcs
  A ball python (D:2)
  5 bats
  4 giant cockroaches (D:1)
  8 goblins
  8 hobgoblins
  10 jackals
  9 kobolds
  A quokka (D:4)
  3 frilled lizards (D:2)
  A quokka skeleton (D:4)
  3 rats
69 creatures vanquished.
